 Dungeon Crawl Stone Soup version 0.27.1-1-g398f81649c (webtiles) character file.

Game seed: 10235170629414791234

63 wilberforce the Conjurer (level 3, -3/19 HPs)
             Began as a Deep Elf Conjurer on Sept 10, 2021.
             Blown up by Ijyb (22 damage)
             ... with a mindburst bolt
             ... on level 3 of the Dungeon.
             The game lasted 00:05:18 (1822 turns).

wilberforce the Conjurer (Deep Elf Conjurer)        Turns: 1822, Time: 00:05:19

Health: -3/19      AC:  3    Str:  4    XL:     3   Next: 89%
Magic:  3/10       EV: 13    Int: 23    God:
Gold:   90         SH:  0    Dex: 13    Spells: 4/10 levels left

rFire    . . .     SeeInvis .   c - +1 whip (flame)
rCold    . . .     Faith    .   (no shield)
rNeg     . . .     Spirit   .   a - +1 robe
rPois    .         Reflect  .   (no helmet)
rElec    .         Harm     .   (no cloak)
rCorr    .         Rampage  .   (no gloves)
Will     .....                  (no boots)
Stlth    ++........             (no amulet)
HPRegen  0.06/turn              (no ring)
MPRegen  0.12/turn              (no ring)

@: no status effects
A: no striking features
a: no special abilities


You were on level 3 of the Dungeon.
You visited 1 branch of the dungeon, and saw 3 of its levels.

You collected 90 gold pieces.

Inventory:

Hand Weapons
 c - a +1 whip of flaming (weapon)
Missiles
 d - 17 poisoned darts
Armour
 a - a +1 robe (worn)
Potions
 b - 2 potions of curing {unknown}


   Skills:
 + Level 3.5 Dodging
 - Level 2.4 Stealth
 + Level 4.0 Spellcasting
 + Level 4.9 Conjurations
 + Level 1.2 Hexes


You had 4 spell levels left.
You knew the following spells:

 Your Spells              Type           Power      Damage    Failure   Level
a - Magic Dart            Conj           100%       1d8       1%          1
b - Searing Ray           Conj           54%        3d5       1%          2
c - Dazzling Flash        Conj/Hex       36%        N/A       9%          3

Your spell library contained the following spells:

 Spells                   Type           Power      Damage    Failure   Level
 Fulminant Prism          Conj/Hex       9%         3d7       28%         4
 Iskenderun's Mystic Bla  Conj/Tloc      16%        2d5       36%         4


Dungeon Overview and Level Annotations

Branches:
Dungeon (3/15)

Altars:

Annotations:
D:3 Ijyb


Message History

Ijyb shouts!
Casting: Magic Dart (safe; 1% risk of failure)
Confirm with . or Enter, or press ? or * to list all spells.
Aiming: Magic Dart (safe; 1% risk of failure)
Press: ? - help, Shift-Dir - straight line, f/p - Ijyb
Aim: Ijyb, wielding a +3 spectral club, wearing a +0 chain mail and carrying a wand of mindburst (6) (100% to hit)
The magic dart hits Ijyb.
Ijyb is lightly wounded.
Casting: Magic Dart (safe; 1% risk of failure)
Confirm with . or Enter, or press ? or * to list all spells.
Aiming: Magic Dart (safe; 1% risk of failure)
Press: ? - help, Shift-Dir - straight line, f/p - Ijyb
Aim: Ijyb, wielding a +3 spectral club, wearing a +0 chain mail and carrying a wand of mindburst (6) (lightly wounded, 100% to hit)
The magic dart hits Ijyb but does no damage.
Ijyb is lightly wounded.
Casting: Magic Dart (safe; 1% risk of failure)
Confirm with . or Enter, or press ? or * to list all spells.
Aiming: Magic Dart (safe; 1% risk of failure)
Press: ? - help, Shift-Dir - straight line, f/p - Ijyb
Aim: Ijyb, wielding a +3 spectral club, wearing a +0 chain mail and carrying a wand of mindburst (6) (lightly wounded, 100% to hit)
The magic dart hits Ijyb but does no damage.
Ijyb is lightly wounded.
Casting: Magic Dart (safe; 1% risk of failure)
Confirm with . or Enter, or press ? or * to list all spells.
Aiming: Magic Dart (safe; 1% risk of failure)
Press: ? - help, Shift-Dir - straight line, f/p - Ijyb
Aim: Ijyb, wielding a +3 spectral club, wearing a +0 chain mail and carrying a wand of mindburst (6) (lightly wounded, 100% to hit)
The magic dart hits Ijyb.
Ijyb is moderately wounded.
Casting: Magic Dart (safe; 1% risk of failure)
Confirm with . or Enter, or press ? or * to list all spells.
Aiming: Searing Ray (safe; 1% risk of failure)
Press: ? - help, Shift-Dir - straight line, f/p - Ijyb
Aim: Ijyb, wielding a +3 spectral club, wearing a +0 chain mail and carrying a wand of mindburst (6) (moderately wounded, 79% to hit)
The searing ray hits Ijyb.
Ijyb is moderately wounded. (Press . to maintain the ray.) Ijyb zaps a wand.
Your mind is blasted!
Ouch! That really hurt!
You die...

. #. #..#
#..# ##.g###
#.....#
#...#.#
#...#@#
#.#.#.#
######.....#
#........###
#.######.#
#.# #.# #.#
#.# #.# #.#
#.# #.#


You could see Ijyb.

Vanquished Creatures
  An adder (D:3)
  A dart slug (D:1)
  4 endoplasms
  A giant cockroach (D:3)
  4 goblins
  6 hobgoblins
  3 kobolds (D:1)
  6 quokkas
  4 ball pythons
  12 bats
  3 frilled lizards (D:1)
  2 rats
47 creatures vanquished.

Vanquished Creatures (others)
  A fungus (D:1)
1 creature vanquished.

Grand Total: 48 creatures vanquished

Notes
Turn   | Place    | Note
-------+----------+-------------------------------------------
     0 | D:1      | wilberforce the Deep Elf Conjurer began the quest for the
                  | Orb.
     0 | D:1      | Reached XP level 1. HP: 10/10 MP: 6/6
   172 | D:1      | Reached XP level 2. HP: 15/15 MP: 0/8
   175 | D:1      | Learned a level 2 spell: Searing Ray
   597 | D:1      | Found a faded altar of an unknown god.
   767 | D:1      | Reached XP level 3. HP: 19/19 MP: 8/10
   771 | D:1      | Learned a level 3 spell: Dazzling Flash
  1601 | D:3      | Reached skill level 1 in Hexes
  1816 | D:3      | Noticed Ijyb
  1822 | D:3      | Blown up by Ijyb

Illustrated notes

Levels and vault maps discovered:
D:1:      dpeg_arrival_court, layout_basic, dreamdust_ecumenical_altar_grove
D:2:      layout_rooms, minmay_pentomino_z2
D:3:      layout_loops_ring, uniq_ijyb

Skill      XL: |  1  2  3 |
---------------+----------+-----
Dodging        | 3 |  3.5
Hexes          | 1 |  1.2
Spellcasting   | 4 |  4.0
Stealth        | |  2.4
Conjurations   | |  4.9

Action                   || total
-------------------------++-------
 Cast: Magic Dart        ||    76
       Searing Ray       ||     5
  Use: Scroll            ||     5
Dodge: Dodged            ||     2
